 Dungeon Crawl Stone Soup version 0.28-a0-1429-gf3d713df7a (webtiles) character file.

Game seed: 15457017180933901428

1156 croobank the Shooter (level 8, 0/74 HPs)
             Began as a Troll Monk on Jan 8, 2022.
             Succumbed to a water moccasin's poison
             ... on level 5 of the Dungeon.
             The game lasted 00:35:42 (3583 turns).

croobank the Shooter (Troll Monk)                   Turns: 3583, Time: 00:35:42

Health: 0/74       AC:  8    Str: 22    XL:     8   Next: 16%
Magic:  6/6        EV: 10    Int:  6    God:
Gold:   64         SH:  5    Dex: 12    Spells: 7/7 levels left

rFire   . . .      SeeInvis .   a - +0 hand axe
rCold   . . .      Faith    .   (no shield)
rNeg    . . .      Spirit   .   k - +0 robe
rPois   .          Reflect  +   (helmet restricted)
rElec   .          Harm     .   f - +1 cloak
rCorr   .          Rampage  .   (gloves unavailable)
Will    .....                   (boots unavailable)
Stlth   ++........              p - amulet of reflection
HPRegen 1.02/turn               t - ring of Lol Maig {Fly Dex+2}
MPRegen 0.10/turn               (no ring)

@: lethally poisoned (0 -> -1), flying, hasted, very quick
A: large, unfitting armour, claws 3, regeneration 1, shaggy fur 1, tough skin 1,
iridescent scales 1, clumsy 1, low mp 1
a: no special abilities


You were on level 5 of the Dungeon.
You visited 1 branch of the dungeon, and saw 6 of its levels.
You also visited: Ossuary.

You collected 824 gold pieces.
You spent 328 gold pieces at shops.
You paid 432 gold pieces to Gozag.

Inventory:

Hand Weapons
 a - a +0 hand axe (weapon)
 b - the +7 shortbow of Waeliudi {venom, Will+}
   (You bought it in a shop on level 5 of the Dungeon)

   Any ammunition fired from it poisons the flesh of those it strikes.
   Will:      It increases your willpower.
 o - the +0 dagger "Lebloj" {chaos, rN++ Dex+3}
   (You found it on level 4 of the Dungeon)

   Each time it hits an enemy it has a different, random effect.
   Dex:       It affects your dexterity (+3).
   rN:        It greatly protects you from negative energy.
 q - a +2 trident of flaming
 w - a +0 longbow
Missiles
 c - 136 stones
 e - 23 arrows
 g - a throwing net
 i - 52 sling bullets
 j - 19 bolts
 m - 3 atropa-tipped darts (quivered)
 s - 15 poisoned darts
Armour
 f - a +1 cloak (worn)
 k - a +0 robe (worn)
Jewellery
 p - an amulet of reflection (around neck)
 t - the ring of Lol Maig (left claw) {Fly Dex+2}
   (You bought it in a shop on level 4 of the Dungeon)

   [ring of flight]

   Dex:       It affects your dexterity (+2).
   Fly:       It grants you flight.
Wands
 u - a wand of paralysis (15)
 v - a wand of flame (13)
 x - a wand of digging (4)
Scrolls
 l - a scroll of immolation
 n - a scroll of identify
 r - a scroll of amnesia
 z - a scroll of enchant weapon
Potions
 d - a potion of brilliance
 h - 2 potions of mutation


   Skills:
 - Level 2.6 Fighting
 - Level 2.6 Axes
 + Level 6.4 Bows
 - Level 2.6 Dodging
 - Level 1.2 Stealth


You had 7 spell levels left.
You didn't know any spells.
Your spell library contained the following spells:

 Spells                   Type           Power      Damage    Failure   Level
 Confusing Touch          Hex            0%         N/A       83%         3
 Portal Projectile        Hex/Tloc       0%         N/A       83%         3
 Blade Hands              Tmut           0%         N/A       100%        5
 Excruciating Wounds      Necr           0%         N/A       100%        5
 Yara's Violent Unravell  Hex/Tmut       0%         3d3       100%        5
 Enfeeble                 Hex            0%         N/A       100%        7


Dungeon Overview and Level Annotations

Branches:
Dungeon (6/15)            Ossuary (visited)
 Temple: D:4-7

Altars:
Cheibriados
Dithmenos
Elyvilon
Gozag
Hepliaklqana
Uskayaw
Zin

Shops:
D:4 *   D:5 (!


Innate Abilities, Weirdness & Mutations

You are too large for most types of armour.
You have claws for hands.
Your natural rate of healing is unusually fast.
You are covered in fur. (AC +1)
You have tough skin. (AC +1)
You are partially covered in iridescent scales. (AC +2)
You are clumsy. (Dex -2)
Your magical capacity is low. (-10% MP)


Message History

Here: a water moccasin (lightly wounded) Item here: an arrow.
The floor, spattered with blood.
* * * LOW HITPOINT WARNING * * *
You feel very sick.
Things that are here:
2 arrows; a scroll of identify
Press: ? - help, v - describe, . - travel, g - get item
Items here: 2 arrows; a scroll of identify.
The floor.
As you read the scroll of teleportation, it crumbles to dust.
You feel strangely unstable.
* * * LOW HITPOINT WARNING * * *
You feel very sick. The water moccasin closely misses you.
* * * LOW HITPOINT WARNING * * *
You feel very sick.
* * * LOW HITPOINT WARNING * * *
You feel sick.
* * * LOW HITPOINT WARNING * * *
You feel sick.
Your surroundings suddenly seem different.
* * * LOW HITPOINT WARNING * * *
You feel sick.
There is a lethal amount of poison in your body!
There is a lethal amount of poison in your body!
Okay, then.
As you read the scroll labelled RIKABL HOARU, it crumbles to dust.
It is a scroll of enchant armour.
Your +0 cloak glows green for a moment.
* * * LOW HITPOINT WARNING * * *
You feel sick.
Okay, then.
Really renounce your faith, foregoing its fabulous benefits?
Are you sure?
You have lost your religion!
Gozag does not appreciate desertion!
* * * LOW HITPOINT WARNING * * *
You feel sick.
You die...

#............#.##.<.......
#............#....#.......
'...#####..#.####.#.##.###
#...#####.#.....#.#.# # #.#
#.........##.##.#.#.# #.#
#.............#.#.#.# #.#
#...######....#.....# #.#
#.### #....#.....# #.# ..#
#....#.@...# #.## ###
####....#.....##########...
...........<...............
#.####....##.....#########<..
#. ####..##.....### #... #.
#...............# #### #.
#........###.##.# #.. #.
#........###.# # #.†
#.###..........#.. ###..


There were no monsters in sight!

Vanquished Creatures
  An ice beast (D:6)
  A black bear (D:4)
  A sky beast (D:6)
  A necrophage (D:5)
  2 ogres
  A scorpion (D:5)
  A wyvern zombie (D:6)
  A wight (Ossuary)
  An iron imp (D:4)
  A bullfrog skeleton (D:6)
  A hound (D:5)
  2 jellies (D:5)
  A centaur skeleton (D:5)
  Terence (D:3)
  2 orc wizards (D:5)
  A scorpion zombie (D:5)
  2 hound skeletons
  A mummy (D:4)
  4 adders
  An adder zombie (Ossuary)
  3 worms (D:3)
  2 dart slugs
  8 orcs
  8 endoplasms
  4 giant cockroaches
  8 goblins
  4 hobgoblins
  4 jackals
  5 kobolds
  2 quokkas
  3 ball pythons
  A ball python skeleton (Ossuary)
  5 bats
  2 frilled lizards (D:1)
  2 hobgoblin skeletons (Ossuary)
  A hobgoblin zombie (Ossuary)
  5 kobold zombies
  4 rats
98 creatures vanquished.

Notes
Turn   | Place    | Note
-------+----------+-------------------------------------------
     0 | D:1      | croobank the Troll Monk began the quest for the Orb.
     0 | D:1      | Reached XP level 1. HP: 22/22 MP: 0/0
   141 | D:1      | Reached XP level 2. HP: 29/29 MP: 1/1
   201 | D:1      | Found a faded altar of an unknown god.
   211 | D:1      | Prayed at the altar of an unknown god.
   211 | D:1      | Became a worshipper of Gozag Ym Sagoz the Greedy
   237 | D:1      | You fall into a shaft and drop 1 floor!
   667 | D:2      | Reached XP level 3. HP: 36/36 MP: 2/2
   788 | D:2      | Reached skill level 1 in Bows
  1119 | D:3      | Noticed an ogre
  1135 | D:2      | Killed an ogre
  1136 | D:2      | Reached skill level 2 in Bows
  1136 | D:2      | Reached XP level 4. HP: 20/44 MP: 3/3
  1196 | D:3      | Reached XP level 5. HP: 50/50 MP: 4/4
  1205 | D:3      | Found a glowing silver altar of Zin.
  1400 | D:3      | Noticed Terence
  1418 | D:3      | Killed Terence
  1419 | D:3      | Reached skill level 3 in Bows
  1845 | D:4      | Found a sand-covered staircase.
  1864 | Ossuary  | Entered an ossuary
  1960 | Ossuary  | Reached XP level 6. HP: 34/56 MP: 5/5
  2031 | Ossuary  | Noticed a flying skull
  2031 | Ossuary  | Noticed a wraith
  2043 | Ossuary  | Noticed a wraith
  2061 | Ossuary  | Noticed a flying skull
  2090 | Ossuary  | Noticed a flying skull
  2091 | Ossuary  | Noticed a wraith
  2104 | Ossuary  | Noticed a flying skull
  2118 | Ossuary  | Gained mutation: You are frail. (-10% HP) [potion of
                  | mutation]
  2118 | Ossuary  | Gained mutation: Your movements are slightly less
                  | encumbered by armour. (ER -2) [potion of mutation]
  2124 | Ossuary  | Noticed a flying skull
  2285 | D:4      | Found a snail-covered altar of Cheibriados.
  2358 | D:4      | Found a white marble altar of Elyvilon.
  2405 | D:5      | Entered Level 5 of the Dungeon
  2405 | D:5      | Noticed a water moccasin
  2594 | D:4      | Lost mutation: Your movements are slightly less encumbered
                  | by armour. (ER -2) [potion of mutation]
  2594 | D:4      | Lost mutation: You are frail. (-10% HP) [potion of
                  | mutation]
  2594 | D:4      | Gained mutation: Your magical capacity is low. (-10% MP)
                  | [potion of mutation]
  2594 | D:4      | Gained mutation: You are partially covered in iridescent
                  | scales. (AC +2) [potion of mutation]
  2594 | D:4      | Gained mutation: You are clumsy. (Dex -2) [potion of
                  | mutation]
  2657 | D:4      | Identified the +0 dagger "Lebloj" {chaos, rN++ Dex+3}
  2710 | D:4      | Found Xuqig's Assorted Antiques.
  2713 | D:4      | Bought a large sapphire amulet for 80 gold pieces
  2713 | D:4      | Bought a clouded iron ring for 80 gold pieces
  2713 | D:4      | Identified the ring of Lol Maig {Fly Dex+2} (You bought it
                  | in a shop on level 4 of the Dungeon)
  2755 | D:4      | Found a shadowy altar of Dithmenos.
  2756 | D:4      | Noticed a shadow
  2759 | D:4      | Found a hazy altar of Hepliaklqana.
  2860 | D:4      | Reached skill level 4 in Bows
  2971 | D:5      | Found a hide-covered altar of Uskayaw.
  3074 | D:5      | Reached XP level 7. HP: 48/66 MP: 5/5
  3136 | D:6      | Reached skill level 5 in Bows
  3335 | D:5      | Found Goetuhud's Antique Weapon Shop.
  3366 | D:5      | Bought a pitted shortbow for 168 gold pieces
  3366 | D:5      | Identified the +7 shortbow of Waeliudi {venom, Will+} (You
                  | bought it in a shop on level 5 of the Dungeon)
  3380 | D:5      | Reached skill level 6 in Bows
  3380 | D:5      | Reached XP level 8. HP: 74/74 MP: 6/6
  3498 | D:5      | Found Caiplus's Distillery.
  3578 | D:5      | HP: 3/74 [poisoned by a water moccasin]
  3581 | D:5      | HP: 1/74 [poisoned by a water moccasin]
  3582 | D:5      | Fell from the grace of Gozag
  3583 | D:5      | Succumbed to a water moccasin's poison

Illustrated notes

Levels and vault maps discovered:
D:1:      minmay_arrival_checkered_box, layout_rooms,
          hellmonk_ecumenical_altar_heavens_door
D:2:      layout_loops_cross, minmay_pentomino_s2
D:3:      layout_rooms, amcnicky_altar_gilded, chequers_serial_rivers_large_a,
          uniq_terence
D:4:      layout_loops_ring, riverfiend_overflow_shadow_ancestor,
          lemuel_doored_altar, chei_slow_surprise, nicolae_ossuary_entry_giza,
          serial_shops, kennysheep_mini_moat
D:5:      layout_basic, nicolae_uskayaw_murder_on_the_dancefloor, serial_shops,
          shop, shop, due_unseen_surprise
D:6:      layout_loops_cross, overflow_temple_1_default, uniq_edmund

Skill      XL: |  1  2  3  4  5  6  7 |
---------------+----------------------+-----
Bows           | 2 3 4 6 |  6.4
Fighting       | |  2.6
Axes           | |  2.6
Dodging        | |  2.6
Stealth        | |  1.2

Action                   |  1- 3 |  4- 6 |  7- 9 || total
-------------------------+-------+-------+-------++-------
Melee: Hand axe          |    79 |   211 |   108 ||   398
       Punch             |       |     3 |       ||     3
 Fire: Longbow           |    27 |    40 |     5 ||    72
       Shortbow          |       |       |    13 ||    13
Throw: Dart              |     1 |     1 |       ||     2
       Stone             |     1 |       |       ||     1
Invok: Potion Petition   |       |       |     1 ||     1
       Renounce Religion |       |       |     1 ||     1
Evoke: Wand              |       |       |     1 ||     1
  Use: Potion            |       |    13 |       ||    13
       Scroll            |       |     7 |     4 ||    11
 Stab: Sleeping          |     3 |     1 |       ||     4
       Invisible         |     1 |       |       ||     1
Armor: Robe              |    43 |    91 |    50 ||   184
Dodge: Dodged            |    70 |   107 |    50 ||   227
Block: Other             |       |     8 |    21 ||    29
       Reflection        |       |     1 |       ||     1

Table legend: (Time is in decaauts)
 A = Elapsed time spent in this place.
 B = Non-inter-level travel time spent in this place.
 C = Inter-level travel time spent in this place.
 D = Time resting spent in this place.
 E = Time spent auto-exploring this place.
 F = Levels seen in this place.
 G = Mean time per level.
                   A        B        C        D        E       F      G
               +--------+--------+--------+--------+--------+-----+--------+
         Total |   3693 |   3599 |     94 |    179 |   1697 |   7 |  527.6 |
       Dungeon |   3353 |   3259 |     94 |    154 |   1697 |   6 |  558.8 |
       Ossuary |    340 |    340 |      0 |     25 |      0 |   1 |  340.0 |
               +--------+--------+--------+--------+--------+-----+--------+

Top non-repeatable levels by time:
     D:4: 843 daAuts
     D:3: 688 daAuts
     D:2: 681 daAuts
     D:1: 506 daAuts
     D:5: 391 daAuts
 Ossuary: 340 daAuts
     D:6: 242 daAuts
